 Dungeon Crawl Stone Soup version 0.31.0 (webtiles) character file.

Game seed: 566178068663323826

234303 qw the Slayer (level 19, -5/140 HPs)
             Began as a Gargoyle Hunter on Jan 19, 2024.
             Was a High Priest of Okawaru.
             Slain by a +6 mace of venom (6 damage)
             ... animated by Zenata
             ... on level 1 of the Vaults.
             The game lasted 00:06:40 (28857 turns).

qw the Slayer (Gargoyle Hunter)                    Turns: 28857, Time: 00:06:41

Health: -5/140     AC: 39    Str: 18 (19) XL:     19   Next: 59%
Magic:  24/26      EV: 18    Int:  7 (8)  God:    Okawaru [*****.]
Gold:   1171       SH:  0    Dex: 19      Spells: 18/18 levels left

rFire   + . .        c - +6 arbalest "Damnation" {damnation}
rCold   + + .        (shield currently unavailable)
rNeg    + + .        v - +4 ring mail {rC+}
rPois   inf          d - +2 helmet
rElec   +            e - +2 cloak {Will+}
rCorr   .            o - +0 pair of gloves of Pride {rN+ Str+2}
SInv    +            k - +2 pair of boots
Will    ++...        D - amulet of faith
Stlth   +            u - ring of Ischem {rF+ rC+}
HPRegen 0.43/turn    y - ring of see invisible
MPRegen 0.20/turn

%: faith
@: about to teleport, finesse-ful, flying
A: sickness immunity, AC +14, big wings, negative energy resistance 1,
electricity resistance, torment resistance 1, petrification resistance,
deterioration 1, dopey 1
}: 1/15 runes: barnacled
a: Renounce Religion, Heroism, Finesse, Duel


You were on level 1 of the Vaults.
You worshipped Okawaru.
Okawaru was extremely pleased with you.
You visited 7 branches of the dungeon, and saw 31 of its levels.
You visited 1 bazaar.
You also visited: Gauntlet.

You collected 2940 gold pieces.
You spent 1769 gold pieces at shops.


Innate Abilities, Weirdness & Mutations

You are immune to sickness and miasma.
Your stone body is resilient. (AC +14)
You are immune to poison.
Your large and strong wings let you fly.
You resist negative energy. (rN+)
You are resistant to electric shocks. (rElec)
You are resistant to unholy torment.
You are immune to petrification.
Your body sometimes deteriorates upon taking damage.
You are dopey. (Int -2)


   Skills:
 + Level 22.4 Fighting
 - Level 18.0 Ranged Weapons
 - Level 15.0 Armour
 - Level 12.0 Dodging
 - Level 1.1 Stealth
 - Level 10.0 Invocations


You had 18 spell levels left.
You didn't know any spells.
Your spell library was empty.

Inventory:

Hand Weapons
 c - the +6 arbalest "Damnation" (weapon) {damnation}
   (You acquired it on level 3 of the Dungeon)
Armour
 d - a +2 helmet (worn)
 e - a +2 cloak of willpower (worn)
 k - a +2 pair of boots (worn)
 n - a +2 robe of fire resistance
 o - the +0 pair of gloves of Pride (worn) {rN+ Str+2}
   (You found it on level 9 of the Dungeon)

   Str+2:     It affects your strength (+2).
   rN+:       It protects you from negative energy.
 p - the +1 pair of gloves of the Flute {^Contam Harm rF+ Stlth+}
   (You bought it in a shop in a bazaar)

   rF+:       It protects you from fire.
   ^Contam:   It causes magical contamination when unequipped.
   Harm:      It increases damage dealt and taken.
   Stlth+:    It makes you more stealthy.
 v - a +4 ring mail of cold resistance (worn)
 x - the +3 leather armour of Card Tricks {rPois rC+ rCorr SInv}
   (You bought it in a shop in a bazaar)

   rC+:       It protects you from cold.
   rPois:     It protects you from poison SInv: It lets you see invisible.
   rCorr:     It protects you from acid and corrosion.
 H - a +1 helmet of see invisible
Jewellery
 b - a ring of positive energy
 j - a ring of protection from cold
 u - the ring of Ischem (left hand) {rF+ rC+}
   (You found it in a Gauntlet)

   [ring of protection from fire]

   rF+:       It protects you from fire.
   rC+:       It protects you from cold.
 y - a ring of see invisible (right hand)
 z - a ring of fire
 D - an amulet of faith (around neck)
 F - an amulet of regeneration
 Y - a ring of willpower
Wands
 f - a wand of polymorph (9)
 q - a wand of quicksilver (11)
 r - a wand of iceblast (18)
Scrolls
 g - 6 scrolls of teleportation
 s - 12 scrolls of identify
 t - 4 scrolls of enchant armour
 w - 4 scrolls of enchant weapon
Potions
 a - 9 potions of might
 h - 20 potions of curing
 i - 6 potions of enlightenment
 l - 4 potions of mutation
 m - 3 potions of resistance
 A - 3 potions of haste
 B - 2 potions of magic
 C - a potion of cancellation

Dungeon Overview and Level Annotations

Branches:
Dungeon (15/15)            Temple (1/1) D:7            Lair (5/5) D:9
 Shoals (4/4) Lair:3        Snake (3/4) Lair:3        Slime (0/5) Lair:5
    Orc (2/2) D:12            Elf (0/3) Orc:2        Vaults (1/5) D:13
 Depths (0/4) D:15        Gauntlet (visited)

Altars:
Ashenzari
Cheibriados
Dithmenos
Elyvilon
Fedhas
Gozag
Hepliaklqana
Kikubaaqudgha
Makhleb
Nemelex Xobeh
Okawaru
Qazlal
Ru
Sif Muna
Trog
Uskayaw
Vehumet
Wu Jian
Xom
Yredelemnul
Zin
The Shining One
Jiyva

Shops:
D:6 :*   D:9 [   D:10 (   D:11 *   Orc:2 (([(   Shoals:1 (   Snake:1 (

Portals:
Bailey: D:7

Annotations:
D:2 1 runed translucent door, Crazy Yiuf
D:5 3 runed translucent doors, qw's ghost, novice GrHu
Lair:5 5 runed translucent doors, qw's ghost, journeyman GrHu
Shoals:3 6 transporters
Orc:1 1 runed translucent door, Dinant's ghost, journeyman DsMo
Vaults:1 Saint Roka; Zenata


Message History

Enter note:
28853 ||| RETREEEEATING.
The +2 short sword hits you but does no damage.
The +1 vampiric long sword barely misses you.
The +2 short sword hits you but does no damage.
Enter note:
Enter note:
28854 ||| RETREEEEATING.
The +2 short sword attacks as it pursues you!
The +2 short sword hits you but does no damage.
The +1 vampiric long sword hits you. The +2 short sword closely misses you.
The +4 heavy trident hits you from afar.
The +1 vampiric long sword hits you!
The +2 short sword hits you but does no damage.
28855 ||| READING 7 scrolls of teleportation.
As you read the scroll of teleportation, it crumbles to dust.
You feel strangely unstable.
The +6 mace of venom completely misses you.
The +2 short sword hits you but does no damage.
The +1 vampiric long sword hits you.
The +4 heavy trident hits you from afar!
The +6 mace of venom hits you but does no damage.
The +2 short sword completely misses you.
The +1 vampiric long sword misses you. The +6 mace of venom hits you!
The +2 short sword hits you but does no damage.
Enter note:
Enter note:
28856 ||| RETREEEEATING.
The +2 short sword completely misses you.
The +6 mace of venom hits you but does no damage.
The +4 heavy trident completely misses you.
The +2 short sword hits you but does no damage.
There is an open door here.
Enter note:
Enter note:
Enter note:
Enter note:
28857 ||| RETREEEEATING.
The +6 mace of venom hits you! The +6 mace of venom hits you.
You die...

#........# #.....ยค.#.........
#...)[...# #.....)o#.........
#......).# #.......'.........
#.....)).# #.......#.........
#.......)# #########........%
########)# #......)..
#........######## #..^.....)
#...............###############+
#......)..#....@#...............
#...#.....#.....(((.............
#..[......#.....#(..............
#.#...#...#.....#.(.....(.......
#..[......#.....#...............
#...#.....#.....#.....##########
#.!.......#.....#a....#
#################.....# #.....#


You could see 5 dancing weapons.

Vanquished Creatures
  Jorgrun (Lair:3)
  Asterion (Snake:2)
  Rupert (Snake:1)
  Frances (Snake:2)
  4 krakens (Shoals:1)
  Agnes (D:15)
  2 nagarajas (Snake:2)
  Aizul (Shoals:3)
  A storm dragon (Shoals:4)
  A vault warden (Vaults:1)
  An ironbound preserver (Vaults:1)
  3 orc warlords
  A minotaur (Gauntlet)
  A fire dragon (D:15)
  8 merfolk impalers
  7 merfolk javelineers
  Josephine (Orc:1)
  7 vault guards
  3 hydras
  A salamander tyrant (Snake:3)
  A great orb of eyes (Vaults:1)
  9 anacondas
  An ironbound frostheart (Vaults:1)
  2 alligator snapping turtles
  2 merfolk avatars
  5 merfolk aquamancers
  3 two-headed ogres
  A catoblepas (Lair:3)
  6 boulder beetles
  7 naga warriors
  8 centaur warriors
  Urug (Lair:4)
  8 death yaks
  A vampire mage (D:15)
  2 orc high priests
  6 naga sharpshooters
  3 tengu warriors
  A shock serpent (Snake:2)
  6 skysharks
  A spriggan (Lair:4)
  8 skeletal warriors
  Amaemon (Lair:2)
  4 salamander mystics
  4 sea snakes
  2 spark wasp zombies (D:15)
  9 mana vipers
  3 deep trolls (Vaults:1)
  2 naga ritualists
  An arcanist (D:14)
  Pikel (D:6)
  24 harpies
  7 orc knights (Vaults:1)
  5 lindwurms
  3 orc sorcerers
  A deep elf pyromancer (D:15)
  12 salamanders
  2 ironbound convokers (Vaults:1)
  A necromancer (D:15)
  11 ugly things
  8 fauns
  12 naga magi
  5 cyclopes
  10 manticores
  23 black mambas
  11 elephants
  2 vault sentinels (Vaults:1)
  18 water nymphs
  A kobold blastminer (Orc:1)
  3 molten gargoyles (Lair:5)
  12 merfolk sirens
  4 guardian serpents
  An ice statue (D:15)
  An orange demon (Lair:2)
  A gargoyle (D:11)
  An unseen horror (shapeshifter) (D:12)
  5 cane toads
  5 yaktaurs (Vaults:1)
  A rime drake (Lair:4)
  A freezing wraith (D:15)
  A kobold demonologist (D:11)
  15 komodo dragons
  A tengu conjurer (D:13)
  A komodo dragon (shapeshifter) (D:15)
  2 efreet
  39 merfolk
  8 trolls
  11 wind drakes
  3 polar bears
  A hornet (Lair:4)
  15 dream sheep
  A tarantella (shapeshifter) (D:15)
  6 snapping turtles
  25 blink frogs
  A spriggan zombie (D:15)
  8 air elementals (Shoals:4)
  54 yaks
  6 shadows
  23 slime creatures
  14 water elementals
  A centaur simulacrum (D:14)
  11 wyverns
  A vampire (D:10)
  6 wraiths
  3 steam dragons
  5 wargs
  7 basilisks
  2 neqoxecs (Gauntlet)
  5 chaos spawn (Gauntlet)
  27 nagas
  An acid dragon (D:11)
  12 water moccasins
  Duvessa (D:6)
  5 hell hounds (Lair:5)
  A meliai simulacrum (D:15)
  2 black bears
  6 ice beasts
  30 orc warriors
  2 sky beasts
  4 ogres
  12 centaurs
  2 lemures (D:6)
  4 kobold brigands
  14 bullfrogs
  2 scorpions
  4 wights (D:9)
  Dowan (D:6)
  4 killer bees (D:10)
  2 bombardier beetles
  4 electric eels
  11 howler monkeys
  5 lava snakes (Lair:5)
  10 jellies
  19 orc priests
  5 hounds
  7 hell rats (Lair:4)
  2 sleepcaps (D:5)
  27 orc wizards
  4 adders
  5 white imps
  2 ufetubi (D:6)
  2 dart slugs
  7 ribbon worms
  93 orcs
  4 ball pythons
  6 bats
  6 endoplasms
  8 giant cockroaches
  6 hobgoblins
  5 jackals
  7 quokkas
  3 frilled lizards
  5 goblins
  35 kobolds
  8 rats
  6 tentacles (Shoals:1)
1061 creatures vanquished.

Vanquished Creatures (others)
  A water elemental (Shoals:2)
  2 orcs (Orc:2)
  13 tentacles (Shoals:1)
16 creatures vanquished.

Grand Total: 1077 creatures vanquished

Notes
Turn   | Place    | Note
-------+----------+-------------------------------------------
     0 | D:1      | qw the Gargoyle Hunter began the quest for the Orb.
     0 | D:1      | Reached XP level 1. HP: 12/12 MP: 1/1
     0 | D:1      | 0 ||| qw: Version: 0.3-a-132-g3d54051
     0 | D:1      | 0 ||| qw: Game counter: 304
     0 | D:1      | 0 ||| qw: Melee chars always use a shield: true
     0 | D:1      | 0 ||| qw: God list: Okawaru
     0 | D:1      | 0 ||| qw: Allow faded altars: false
     0 | D:1      | 0 ||| qw: Do Orc after clearing Dungeon:15 true
     0 | D:1      | 0 ||| qw: Do second Lair branch before Depths: true
     0 | D:1      | 0 ||| qw: Lair rune preference: random
     0 | D:1      | 0 ||| qw: Goals: Normal
     0 | D:1      | 0 ||| PLANNING D:1-11
   101 | D:1      | Reached XP level 2. HP: 17/17 MP: 2/2
   235 | D:1      | You fall into a shaft and drop 1 floor!
   321 | D:2      | 321 ||| FLEEEEING.
   323 | D:2      | 323 ||| STAIRDANCE
   454 | D:1      | Reached XP level 3. HP: 21/21 MP: 3/3
  1060 | D:1      | 1060 ||| UPGRADING to +1 helmet.
  1065 | D:1      | 1065 ||| READING 2 scrolls labelled OTHRIE BABUCOA.
  1065 | D:1      | 1065 ||| IDENTIFYING inky potion
  1066 | D:1      | 1066 ||| READING scroll of identify.
  1066 | D:1      | 1066 ||| IDENTIFYING cyan potion
  1067 | D:1      | 1067 ||| READING scroll labelled OSEKHL XAOVEO.
  1081 | D:1      | 1081 ||| DROPPING scroll of butterflies.
  1082 | D:1      | 1082 ||| DROPPING potion of degeneration.
  1208 | D:2      | Reached skill level 3 in Fighting
  1254 | D:2      | Found a runed translucent door.
  1255 | D:2      | Noticed Crazy Yiuf
  1310 | D:2      | 1310 ||| FLEEEEING.
  1349 | D:2      | Reached XP level 4. HP: 28/28 MP: 4/4
  1536 | D:2      | 1536 ||| FLEEEEING.
  1543 | D:2      | 1543 ||| STAIRDANCE
  1573 | D:2      | 1573 ||| STAIRDANCE
  2017 | D:3      | 2017 ||| FLEEEEING.
  2066 | D:3      | Found a snail-covered altar of Cheibriados.
  2422 | D:3      | Reached skill level 6 in Ranged Weapons
  2422 | D:3      | Reached XP level 5. HP: 32/32 MP: 5/5
  2425 | D:3      | Found an ornate altar of the Wu Jian Council.
  2432 | D:3      | Noticed a spectral centipede
  2432 | D:3      | Noticed a spectral black mamba
  2432 | D:3      | Noticed a spectral cane toad
  2601 | D:3      | 2601 ||| UPGRADING to +0 ring mail.
  2611 | D:3      | 2611 ||| DROPPING +0 leather armour.
  2612 | D:3      | 2612 ||| UPGRADING to ring of willpower.
  2613 | D:3      | 2613 ||| DROPPING ring of flight.
  2614 | D:3      | 2614 ||| READING 2 scrolls of identify.
  2614 | D:3      | 2614 ||| IDENTIFYING white potion
  2615 | D:3      | 2615 ||| READING scroll of identify.
  2615 | D:3      | 2615 ||| IDENTIFYING scroll labelled CIRYTE XEEHIP
  2616 | D:3      | 2616 ||| READING scroll labelled YCHUDAADDUKK.
  2617 | D:3      | 2617 ||| READING scroll labelled HUECUB OLUOTOO.
  2617 | D:3      | Identified a scroll of acquirement
  2617 | D:3      | 2617 ||| ACQUIRING +6 arbalest "Damnation" {damnation}
  2617 | D:3      | Acquired the +6 arbalest "Damnation" {damnation}
  2617 | D:3      | Found the +6 arbalest "Damnation" {damnation}
  2619 | D:3      | 2619 ||| SWAPPING to +6 arbalest "Damnation" {damnation}.
  2620 | D:3      | 2620 ||| DROPPING +0 shortbow.
  2621 | D:3      | 2621 ||| DROPPING scroll of vulnerability.
  2653 | D:4      | Reached skill level 1 in Armour
  2699 | D:4      | Noticed a sky beast
  2700 | D:4      | Killed a sky beast
  2701 | D:4      | Reached skill level 4 in Fighting
  2701 | D:4      | Reached XP level 6. HP: 39/39 MP: 6/6
  2898 | D:4      | 2898 ||| FLEEEEING.
  3047 | D:4      | Found a hazy altar of Hepliaklqana.
  3267 | D:4      | Found a shimmering blue altar of Sif Muna.
  3270 | D:4      | 3270 ||| READING scroll of identify.
  3270 | D:4      | 3270 ||| IDENTIFYING black potion
  3271 | D:4      | 3271 ||| READING scroll labelled EHULAO XOOZXYN.
  3321 | D:5      | Entered Level 5 of the Dungeon
  3355 | D:5      | Found a white marble altar of Elyvilon.
  3747 | D:5      | Reached XP level 7. HP: 44/44 MP: 7/7
  3803 | D:5      | Found a runed translucent gate.
  3803 | D:5      | Noticed qw's ghost (novice GrHu)
  3804 | D:5      | Found a runed translucent gate.
  3806 | D:5      | Found a runed translucent gate.
  4080 | D:5      | 4080 ||| READING 2 scrolls of identify.
  4080 | D:5      | 4080 ||| IDENTIFYING emerald potion
  4081 | D:5      | 4081 ||| READING scroll of identify.
  4081 | D:5      | 4081 ||| IDENTIFYING bubbling inky potion
  4082 | D:5      | 4082 ||| READING scroll labelled IRUEGU NOCATIUTI.
  4083 | D:5      | 4083 ||| READING scroll labelled SOCWON LEGHIWU.
  4084 | D:5      | 4084 ||| FLEEEEING.
  4158 | D:5      | 4158 ||| READING scroll labelled QAARPH WIAP.
  4159 | D:5      | 4159 ||| DRINKING 2 sapphire potions.
  4160 | D:5      | 4160 ||| DROPPING potion of attraction.
  4161 | D:5      | 4161 ||| DROPPING potion of lignification.
  4162 | D:5      | 4162 ||| DROPPING potion of brilliance.
  4180 | D:6      | Noticed Dowan
  4181 | D:6      | Noticed Duvessa
  4183 | D:6      | 4183 ||| STAIRDANCE
  4215 | D:6      | 4215 ||| STAIRDANCE
  4271 | D:6      | 4271 ||| STAIRDANCE
  4315 | D:6      | 4315 ||| STAIRDANCE
  4358 | D:6      | Killed Duvessa
  4359 | D:6      | Killed Dowan
  4364 | D:6      | Reached skill level 5 in Fighting
  4375 | D:6      | Noticed Pikel
  4378 | D:6      | 4378 ||| RETREEEEATING.
  4379 | D:6      | Killed Pikel
  4380 | D:6      | Reached XP level 8. HP: 49/49 MP: 8/8
  4484 | D:6      | 4484 ||| READING scroll labelled KONKOL MERUESASOG.
  4496 | D:6      | Found a broken altar of Ashenzari.
  4646 | D:6      | Found Nocsuub's General Store.
  4647 | D:6      | Found Innuur's Book Emporium.
  4653 | D:6      | Reached skill level 9 in Ranged Weapons
  4661 | D:6      | 4661 ||| BUYING potion of heal wounds (65 gold).
  4661 | D:6      | Bought a potion of heal wounds for 65 gold pieces
  5210 | D:7      | Reached skill level 6 in Fighting
  5210 | D:7      | Reached XP level 9. HP: 55/55 MP: 9/9
  5226 | D:7      | 5226 ||| FLEEEEING.
  5230 | D:7      | 5230 ||| STAIRDANCE
  5405 | D:7      | Found a staircase to the Ecumenical Temple.
  5406 | D:7      | 5406 ||| PLANNING TEMPLE
  5406 | D:7      | 5406 ||| UPGRADING to ring of protection from cold.
  5407 | D:7      | 5407 ||| READING scroll of identify.
  5407 | D:7      | 5407 ||| IDENTIFYING golden potion
  5416 | Temple   | Entered the Ecumenical Temple
  5417 | Temple   | 5417 ||| PLANNING OKAWARU WORSHIP
  5430 | Temple   | Became a worshipper of Warmaster Okawaru
  5431 | Temple   | 5431 ||| PLANNING D:1-11
  5648 | D:7      | Found an ancient bone altar of Kikubaaqudgha.
  5688 | D:7      | Found a flagged portal.
  5699 | D:8      | 5699 ||| STAIRDANCE
  5720 | D:8      | 5720 ||| STAIRDANCE
  5729 | D:8      | 5729 ||| STAIRDANCE
  5739 | D:8      | 5739 ||| STAIRDANCE
  5745 | D:7      | Reached skill level 7 in Fighting
  5776 | D:8      | 5776 ||| STAIRDANCE
  5780 | D:7      | 5780 ||| FLEEEEING.
  5837 | D:8      | 5837 ||| STAIRDANCE
  5846 | D:8      | 5846 ||| STAIRDANCE
  5962 | D:8      | Noticed a centaur warrior
  6097 | D:8      | Reached * piety under Okawaru
  6098 | D:8      | 6098 ||| INVOKING Heroism.
  6098 | D:8      | Noticed a boulder beetle
  6100 | D:8      | Killed a centaur warrior
  6114 | D:8      | Noticed a skeletal warrior
  6116 | D:8      | 6116 ||| FLEEEEING.
  6123 | D:8      | Reached skill level 1 in Invocations
  6123 | D:8      | Reached XP level 10. HP: 58/63 MP: 9/11
  6125 | D:8      | Reached skill level 3 in Dodging
  6129 | D:8      | 6129 ||| FLEEEEING.
  6133 | D:8      | Reached ** piety under Okawaru
  6134 | D:8      | Reached skill level 3 in Invocations
  6140 | D:8      | 6140 ||| FLEEEEING.
  6158 | D:8      | 6158 ||| INVOKING Heroism.
  6165 | D:8      | Killed a skeletal warrior
  6180 | D:8      | 6180 ||| FLEEEEING.
  6302 | D:8      | 6302 ||| INVOKING Heroism.
  6308 | D:8      | Killed a boulder beetle
  6309 | D:8      | Reached skill level 8 in Fighting
  6630 | D:8      | Found a glowing silver altar of Zin.
  6834 | D:8      | 6834 ||| UPGRADING to +0 pair of gloves.
  6897 | D:9      | 6897 ||| RETREEEEATING.
  6902 | D:9      | 6902 ||| INVOKING Heroism.
  6906 | D:9      | Reached skill level 12 in Ranged Weapons
  6943 | D:9      | 6943 ||| FLEEEEING.
  6944 | D:9      | 6944 ||| FLEEEEING.
  7036 | D:9      | Identified the +0 pair of gloves of Pride {rN+ Str+2}
  7044 | D:9      | Noticed an orc sorcerer
  7045 | D:9      | 7045 ||| INVOKING Heroism.
  7048 | D:9      | Killed an orc sorcerer
  7048 | D:9      | Reached *** piety under Okawaru
  7049 | D:9      | Reached XP level 11. HP: 49/69 MP: 11/14
  7229 | D:9      | Found a glowing golden altar of the Shining One.
  7295 | D:9      | Noticed a two-headed ogre
  7296 | D:9      | 7296 ||| INVOKING Heroism.
  7299 | D:9      | Killed a two-headed ogre
  7300 | D:9      | Reached skill level 9 in Fighting
  7398 | D:9      | Found an opulent altar of Gozag.
  7422 | D:9      | Found Ekhlasenou's Armour Boutique.
  7432 | D:9      | 7432 ||| BUYING +2 robe (152 gold).
  7432 | D:9      | Bought a +2 robe for 152 gold pieces
  7432 | D:9      | 7432 ||| SHOPLISTING +2 robe "Ryklaw" {Dex+5 Archmagi} (506
                  | gold, have 462).
  7569 | D:9      | Found a staircase to the Lair.
  7648 | D:9      | 7648 ||| PLANNING LAIR
  7648 | D:9      | 7648 ||| UPGRADING to +1 robe of fire resistance.
  7658 | D:9      | 7658 ||| DROPPING +0 ring mail.
  7659 | D:9      | 7659 ||| UPGRADING to +0 pair of gloves of Pride {rN+
                  | Str+2}.
  7669 | D:9      | 7669 ||| DROPPING +0 pair of gloves.
  7670 | D:9      | 7670 ||| READING scroll labelled FUTHRY GOANO.
  7721 | Lair:1   | Entered Level 1 of the Lair of Beasts
  7764 | Lair:1   | 7764 ||| RETREEEEATING.
  7769 | Lair:1   | Reached **** piety under Okawaru
  8019 | Lair:1   | 8019 ||| RETREEEEATING.
  8020 | Lair:1   | 8020 ||| INVOKING Finesse.
  8035 | Lair:1   | Reached ***** piety under Okawaru
  8036 | Lair:1   | Reached skill level 6 in Invocations
  8173 | Lair:1   | Reached skill level 10 in Fighting
  8177 | Lair:1   | 8177 ||| FLEEEEING.
  8220 | Lair:1   | 8220 ||| RETREEEEATING.
  8221 | Lair:1   | 8221 ||| RETREEEEATING.
  8222 | Lair:1   | 8222 ||| RETREEEEATING.
  8225 | Lair:1   | Reached XP level 12. HP: 77/77 MP: 17/17
  8626 | Lair:1   | 8626 ||| READING scroll labelled LILIDY HAOSE.
  8626 | Lair:1   | 8626 ||| ENCHANTING +1 helmet.
  8660 | Lair:2   | 8660 ||| RETREEEEATING.
  8662 | Lair:2   | Received a gift from Okawaru
  8693 | Lair:2   | 8693 ||| RETREEEEATING.
  8694 | Lair:2   | 8694 ||| RETREEEEATING.
  8695 | Lair:2   | 8695 ||| RETREEEEATING.
  8696 | Lair:2   | 8696 ||| RETREEEEATING.
  8697 | Lair:2   | 8697 ||| RETREEEEATING.
  8698 | Lair:2   | 8698 ||| RETREEEEATING.
  8699 | Lair:2   | 8699 ||| RETREEEEATING.
  8700 | Lair:2   | 8700 ||| RETREEEEATING.
  8701 | Lair:2   | 8701 ||| RETREEEEATING.
  8702 | Lair:2   | 8702 ||| RETREEEEATING.
  8706 | Lair:2   | 8706 ||| INVOKING Finesse.
  8817 | Lair:2   | Reached skill level 9 in Invocations
  8835 | Lair:2   | 8835 ||| FLEEEEING.
  8837 | Lair:2   | 8837 ||| FLEEEEING.
  9060 | Lair:2   | Noticed Amaemon
  9061 | Lair:2   | 9061 ||| INVOKING Finesse.
  9065 | Lair:2   | Killed Amaemon
  9282 | Lair:2   | 9282 ||| READING 2 scrolls of identify.
  9282 | Lair:2   | 9282 ||| IDENTIFYING viscous white potion
  9283 | Lair:2   | 9283 ||| READING scroll of identify.
  9283 | Lair:2   | 9283 ||| IDENTIFYING murky pink potion
  9284 | Lair:2   | 9284 ||| DROPPING potion of ambrosia.
  9293 | Lair:3   | 9293 ||| STAIRDANCE
  9298 | Lair:2   | 9298 ||| FLEEEEING.
  9302 | Lair:2   | 9302 ||| STAIRDANCE
  9335 | Lair:3   | Reached skill level 15 in Ranged Weapons
  9338 | Lair:3   | 9338 ||| STAIRDANCE
  9592 | Lair:3   | Noticed a six-headed hydra
  9594 | Lair:3   | 9594 ||| RETREEEEATING.
  9595 | Lair:3   | 9595 ||| RETREEEEATING.
  9596 | Lair:3   | 9596 ||| RETREEEEATING.
  9604 | Lair:3   | 9604 ||| INVOKING Finesse.
  9606 | Lair:3   | HP: 19/77 [six-headed hydra (6)]
  9607 | Lair:3   | 9607 ||| READING 6 scrolls of teleportation.
  9607 | Lair:3   | HP: 2/77 [six-headed hydra (8)]
  9608 | Lair:3   | 9608 ||| DRINKING potion of heal wounds.
  9609 | Lair:3   | Killed a six-headed hydra
  9610 | Lair:3   | Reached XP level 13. HP: 11/82 MP: 14/20
  9610 | Lair:3   | Received a gift from Okawaru
  9611 | Lair:3   | 9611 ||| FLEEEEING.
  9614 | Lair:3   | 9614 ||| READING 5 scrolls of teleportation.
  9620 | Lair:3   | 9620 ||| READING 4 scrolls of teleportation.
  9963 | Lair:3   | 9963 ||| RETREEEEATING.
  9964 | Lair:3   | 9964 ||| RETREEEEATING.
  9973 | Lair:3   | Reached skill level 11 in Fighting
 10113 | Lair:3   | Found a staircase to the Shoals.
 10128 | Lair:3   | Found a staircase to the Snake Pit.
 10624 | Lair:3   | 10624 ||| READING scroll labelled UNITIYMUPYI.
 10682 | Lair:4   | 10682 ||| PLANNING GAUNTLET
 10696 | Lair:4   | Received a gift from Okawaru
 10704 | Lair:4   | 10704 ||| FLEEEEING.
 10705 | Lair:4   | 10705 ||| FLEEEEING.
 10706 | Lair:4   | 10706 ||| FLEEEEING.
 10707 | Lair:4   | 10707 ||| FLEEEEING.
 10708 | Lair:4   | 10708 ||| STAIRDANCE
 10754 | Lair:4   | 10754 ||| STAIRDANCE
 10759 | Lair:3   | 10759 ||| FLEEEEING.
 10789 | Lair:4   | 10789 ||| STAIRDANCE
 10791 | Lair:3   | 10791 ||| RETREEEEATING.
 10792 | Lair:3   | 10792 ||| RETREEEEATING.
 10793 | Lair:3   | 10793 ||| RETREEEEATING.
 10794 | Lair:3   | 10794 ||| RETREEEEATING.
 10883 | Lair:4   | Noticed Urug
 10894 | Lair:4   | Killed Urug
 10934 | Lair:4   | Found a gate leading to a gauntlet.
 10943 | Gauntlet | Entered a Gauntlet
 10943 | Gauntlet | Found a large runed translucent door.
 10943 | Gauntlet | Found a large runed translucent door.
 10943 | Gauntlet | Found a large runed translucent door.
 10943 | Gauntlet | Found a large runed translucent door.
 10943 | Gauntlet | Found a large runed translucent door.
 10943 | Gauntlet | Found a large runed translucent door.
 10943 | Gauntlet | Found a large runed translucent door.
 10943 | Gauntlet | Found a large runed translucent door.
 10943 | Gauntlet | Found a runed translucent door.
 10943 | Gauntlet | Found a runed translucent gate.
 10943 | Gauntlet | Found a transporter.
 10943 | Gauntlet | Found a transporter.
 10943 | Gauntlet | Found a runed translucent gate.
 10943 | Gauntlet | Found a transporter.
 10947 | Gauntlet | Found a transporter.
 10948 | Gauntlet | Found a transporter.
 10957 | Gauntlet | Found a transporter.
 10972 | Gauntlet | Found a transporter.
 10979 | Gauntlet | Found a transporter.
 10996 | Gauntlet | Found a transporter.
 11004 | Gauntlet | Found a transporter.
 11021 | Gauntlet | Found a transporter.
 11044 | Gauntlet | Found a runed translucent door.
 11045 | Gauntlet | Found a large runed translucent door.
 11045 | Gauntlet | Found a large runed translucent door.
 11045 | Gauntlet | Found a large runed translucent door.
 11045 | Gauntlet | Found a large runed translucent door.
 11046 | Gauntlet | Found a large runed translucent door.
 11046 | Gauntlet | Found a large runed translucent door.
 11047 | Gauntlet | Found a large runed translucent door.
 11047 | Gauntlet | Found a large runed translucent door.
 11057 | Gauntlet | Found a runed translucent gate.
 11075 | Gauntlet | Found a transporter.
 11145 | Gauntlet | 11145 ||| RETREEEEATING.
 11148 | Gauntlet | Reached skill level 6 in Dodging
 11158 | Gauntlet | 11158 ||| READING scroll of enchant armour.
 11158 | Gauntlet | 11158 ||| ENCHANTING +1 robe of fire resistance.
 11159 | Gauntlet | 11159 ||| DROPPING +2 robe.
 11165 | Gauntlet | 11165 ||| RETREEEEATING.
 11167 | Gauntlet | 11167 ||| RETREEEEATING.
 11167 | Gauntlet | Gained mutation: You are dopey. (Int -2) [a neqoxec]
 11168 | Gauntlet | 11168 ||| RETREEEEATING.
 11169 | Gauntlet | 11169 ||| RETREEEEATING.
 11169 | Gauntlet | Gained mutation: Your body sometimes deteriorates upon
                  | taking damage. [a neqoxec]
 11250 | Gauntlet | 11250 ||| RETREEEEATING.
 11251 | Gauntlet | 11251 ||| RETREEEEATING.
 11252 | Gauntlet | 11252 ||| RETREEEEATING.
 11255 | Gauntlet | Received a gift from Okawaru
 11258 | Gauntlet | 11258 ||| INVOKING Finesse.
 11313 | Gauntlet | 11313 ||| UPGRADING to +2 cloak of willpower.
 11366 | Gauntlet | Identified the +0 chain mail "Gahunih" {rF+ rN+ Dex+3}
 11366 | Gauntlet | Noticed a minotaur
 11367 | Gauntlet | 11367 ||| INVOKING Finesse.
 11372 | Gauntlet | Killed a minotaur
 11449 | Gauntlet | Identified the ring of Ischem {rF+ rC+}
 11449 | Gauntlet | Identified the staff "Cirit" {rF+ rN+ Int+3 Necro}
 11483 | Gauntlet | 11483 ||| UPGRADING to +0 troll leather armour.
 11493 | Gauntlet | 11493 ||| UPGRADING to +4 ring mail of cold resistance.
 11503 | Gauntlet | 11503 ||| DROPPING +0 troll leather armour.
 11504 | Gauntlet | 11504 ||| DROPPING ring of protection from cold.
 11505 | Gauntlet | 11505 ||| UPGRADING to ring of Ischem {rF+ rC+}.
 11507 | Gauntlet | 11507 ||| UPGRADING to ring of willpower.
 11538 | Lair:4   | 11538 ||| PLANNING LAIR
 11545 | Lair:4   | Reached skill level 6 in Armour
 12128 | Lair:4   | 12128 ||| UPGRADING to +0 pair of boots.
 12133 | Lair:4   | 12133 ||| READING scroll of enchant armour.
 12133 | Lair:4   | 12133 ||| ENCHANTING +0 pair of boots.
 12161 | Lair:5   | Entered Level 5 of the Lair of Beasts
 12162 | Lair:5   | 12162 ||| STAIRDANCE
 12170 | Lair:4   | Gained mutation: Your large and strong wings let you fly.
                  | [Gargoyle growth]
 12170 | Lair:4   | Reached XP level 14. HP: 78/90 MP: 21/21
 12204 | Lair:5   | 12204 ||| STAIRDANCE
 12206 | Lair:4   | 12206 ||| RETREEEEATING.
 12207 | Lair:4   | 12207 ||| RETREEEEATING.
 12208 | Lair:4   | 12208 ||| RETREEEEATING.
 12209 | Lair:4   | 12209 ||| RETREEEEATING.
 12210 | Lair:4   | 12210 ||| RETREEEEATING.
 12211 | Lair:4   | 12211 ||| RETREEEEATING.
 12212 | Lair:4   | 12212 ||| RETREEEEATING.
 12213 | Lair:4   | 12213 ||| RETREEEEATING.
 12214 | Lair:4   | 12214 ||| RETREEEEATING.
 12215 | Lair:4   | 12215 ||| RETREEEEATING.
 12216 | Lair:4   | 12216 ||| RETREEEEATING.
 12238 | Lair:5   | 12238 ||| STAIRDANCE
 12245 | Lair:5   | 12245 ||| STAIRDANCE
 12263 | Lair:5   | 12263 ||| STAIRDANCE
 12267 | Lair:4   | 12267 ||| FLEEEEING.
 12271 | Lair:4   | 12271 ||| STAIRDANCE
 12330 | Lair:5   | 12330 ||| STAIRDANCE
 12337 | Lair:5   | 12337 ||| STAIRDANCE
 12357 | Lair:5   | 12357 ||| STAIRDANCE
 12418 | Lair:5   | Received a gift from Okawaru
 12419 | Lair:5   | Reached skill level 18 in Ranged Weapons
 12525 | Lair:5   | Noticed an azure jelly
 12526 | Lair:5   | Found a runed translucent gate.
 12526 | Lair:5   | Found a runed translucent gate.
 12526 | Lair:5   | Noticed an azure jelly
 12528 | Lair:5   | Found a runed translucent gate.
 12528 | Lair:5   | Noticed qw's ghost (journeyman GrHu)
 12529 | Lair:5   | Noticed an azure jelly
 12530 | Lair:5   | Noticed an azure jelly
 12530 | Lair:5   | Noticed an acid blob
 12530 | Lair:5   | Noticed an azure jelly
 12530 | Lair:5   | Noticed an azure jelly
 12531 | Lair:5   | Noticed an acid blob
 12531 | Lair:5   | Noticed an acid blob
 12531 | Lair:5   | Noticed a quicksilver ooze
 12533 | Lair:5   | Noticed an azure jelly
 12558 | Lair:5   | Found a viscous altar of Jiyva.
 12558 | Lair:5   | Found a staircase to the Slime Pits.
 12642 | Lair:5   | 12642 ||| FLEEEEING.
 12735 | Lair:5   | Reached skill level 12 in Fighting
 12815 | Lair:5   | Reached ****** piety under Okawaru
 12816 | Lair:5   | 12816 ||| FLEEEEING.
 12857 | Lair:5   | 12857 ||| INVOKING Receive Weapon.
 12857 | Lair:5   | 12857 ||| ACQUIRING +0 triple crossbow "Kudaw" {elec,
                  | +Blink Dex+4}
 12857 | Lair:5   | Acquired the +0 triple crossbow "Kudaw" {elec, +Blink
                  | Dex+4}
 12857 | Lair:5   | Received a gift from Okawaru
 12858 | Lair:5   | 12858 ||| INVOKING Receive Armour.
 12858 | Lair:5   | 12858 ||| ACQUIRING +0 pair of boots of the Equinox {Int+2}
 12858 | Lair:5   | Acquired the +0 pair of boots of the Equinox {Int+2}
 12858 | Lair:5   | Received a gift from Okawaru
 12866 | Lair:5   | Found a large runed translucent door.
 12866 | Lair:5   | Found a large runed translucent door.
 13391 | Lair:5   | Found a viscous altar of Jiyva.
 13393 | Lair:5   | 13393 ||| PLANNING D:1-11
 13496 | D:10     | Entered Level 10 of the Dungeon
 13615 | D:10     | Found Haxodam's Antique Weapon Shop.
 13846 | D:11     | 13846 ||| STAIRDANCE
 13848 | D:10     | 13848 ||| FLEEEEING.
 13971 | D:11     | Received a gift from Okawaru
 13972 | D:11     | Reached skill level 13 in Fighting
 13972 | D:11     | 13972 ||| STAIRDANCE
 14023 | D:11     | 14023 ||| RETREEEEATING.
 14029 | D:11     | 14029 ||| FLEEEEING.
 14209 | D:11     | Found Aogrife's Alliterative Armaments.
 14446 | D:11     | 14446 ||| PLANNING D
 14446 | D:11     | 14446 ||| READING 6 scrolls of identify.
 14446 | D:11     | 14446 ||| IDENTIFYING scroll labelled HOPLYI NEUMAUFESO
 14447 | D:11     | 14447 ||| DROPPING scroll of silence.
 14476 | D:12     | Found a staircase to the Orcish Mines.
 14497 | D:12     | Reached skill level 9 in Armour
 15184 | D:12     | 15184 ||| READING 6 scrolls of identify.
 15184 | D:12     | 15184 ||| IDENTIFYING coppery potion
 15185 | D:12     | 15185 ||| DRINKING potion of experience.
 15185 | D:12     | Reached skill level 15 in Fighting
 15185 | D:12     | Reached XP level 15. HP: 103/103 MP: 22/22
 15186 | D:12     | 15186 ||| READING 5 scrolls of identify.
 15186 | D:12     | 15186 ||| IDENTIFYING metallic green potion
 15187 | D:12     | 15187 ||| DROPPING potion of berserk rage.
 15221 | D:13     | 15221 ||| STAIRDANCE
 15243 | D:13     | 15243 ||| STAIRDANCE
 15245 | D:12     | 15245 ||| FLEEEEING.
 15338 | D:13     | 15338 ||| STAIRDANCE
 15344 | D:12     | 15344 ||| FLEEEEING.
 15420 | D:13     | 15420 ||| STAIRDANCE
 15428 | D:12     | Received a gift from Okawaru
 15429 | D:12     | 15429 ||| FLEEEEING.
 15476 | D:13     | 15476 ||| STAIRDANCE
 15501 | D:13     | 15501 ||| STAIRDANCE
 15536 | D:13     | 15536 ||| STAIRDANCE
 15544 | D:13     | 15544 ||| STAIRDANCE
 15559 | D:13     | 15559 ||| STAIRDANCE
 15566 | D:12     | 15566 ||| FLEEEEING.
 15632 | D:13     | Reached XP level 16. HP: 108/108 MP: 23/23
 15996 | D:13     | 15996 ||| RETREEEEATING.
 15997 | D:13     | 15997 ||| RETREEEEATING.
 16001 | D:13     | 16001 ||| RETREEEEATING.
 16003 | D:13     | 16003 ||| RETREEEEATING.
 16006 | D:13     | 16006 ||| RETREEEEATING.
 16007 | D:13     | 16007 ||| RETREEEEATING.
 16008 | D:13     | 16008 ||| RETREEEEATING.
 16009 | D:13     | 16009 ||| RETREEEEATING.
 16010 | D:13     | 16010 ||| RETREEEEATING.
 16011 | D:13     | 16011 ||| RETREEEEATING.
 16205 | D:13     | Received a gift from Okawaru
 16209 | D:13     | 16209 ||| FLEEEEING.
 16320 | D:13     | Found a gate to the Vaults.
 16592 | D:14     | 16592 ||| RETREEEEATING.
 16596 | D:14     | 16596 ||| RETREEEEATING.
 16613 | D:14     | 16613 ||| INVOKING Finesse.
 16815 | D:14     | Found an ancient bone altar of Kikubaaqudgha.
 16822 | D:14     | Found a shimmering altar of Xom.
 16822 | D:14     | Found a radiant altar of Vehumet.
 16824 | D:14     | Found a stormy altar of Qazlal.
 16824 | D:14     | Found a blossoming altar of Fedhas.
 16824 | D:14     | Found a blossoming altar of Fedhas.
 16905 | D:14     | 16905 ||| READING 8 scrolls of identify.
 16905 | D:14     | 16905 ||| IDENTIFYING scroll labelled AMAISM COSIEPT
 16906 | D:14     | 16906 ||| DROPPING scroll of revelation.
 16922 | D:15     | Entered Level 15 of the Dungeon
 16963 | D:15     | Identified the +10 trident of the Morning {protect, rPois}
 16974 | D:15     | 16974 ||| READING scroll of enchant armour.
 16974 | D:15     | 16974 ||| ENCHANTING +1 pair of boots.
 17105 | D:15     | 17105 ||| RETREEEEATING.
 17109 | D:15     | Reached skill level 16 in Fighting
 17124 | D:15     | Received a gift from Okawaru
 17174 | D:15     | Found a staircase to the Depths.
 17263 | D:15     | Reached skill level 9 in Dodging
 17265 | D:15     | 17265 ||| RETREEEEATING.
 17267 | D:15     | 17267 ||| RETREEEEATING.
 17270 | D:15     | 17270 ||| RETREEEEATING.
 17271 | D:15     | 17271 ||| RETREEEEATING.
 17272 | D:15     | 17272 ||| RETREEEEATING.
 17277 | D:15     | Noticed Agnes
 17278 | D:15     | 17278 ||| ZAPPING wand of quicksilver (9) at -7,-1 (Agnes;
                  | floor).
 17279 | D:15     | 17279 ||| INVOKING Finesse.
 17283 | D:15     | Killed Agnes
 17310 | D:15     | 17310 ||| FLEEEEING.
 17706 | D:15     | 17706 ||| PLANNING ORC
 17706 | D:15     | 17706 ||| DROPPING scarf of harm.
 17707 | D:15     | 17707 ||| UPGRADING to ring of see invisible.
 17709 | D:15     | 17709 ||| READING 7 scrolls of identify.
 17709 | D:15     | 17709 ||| IDENTIFYING bubbling golden potion
 17710 | D:15     | 17710 ||| READING 6 scrolls of identify.
 17710 | D:15     | 17710 ||| IDENTIFYING clear potion
 17711 | D:15     | 17711 ||| READING 5 scrolls of identify.
 17711 | D:15     | 17711 ||| IDENTIFYING smoky pink potion
 17712 | D:15     | 17712 ||| DROPPING potion of invisibility.
 17792 | Orc:1    | Entered Level 1 of the Orcish Mines
 17792 | Orc:1    | Noticed Dinant's ghost (journeyman DsMo)
 17796 | Orc:1    | Found a runed translucent door.
 17944 | Orc:2    | Entered Level 2 of the Orcish Mines
 17944 | Orc:2    | Noticed Josephine
 17944 | Orc:2    | Found a staircase to the Elven Halls.
 17945 | Orc:2    | 17945 ||| PLANNING BAZAAR
 17945 | Orc:2    | 17945 ||| STAIRDANCE
 17964 | Orc:2    | 17964 ||| STAIRDANCE
 17972 | Orc:2    | 17972 ||| STAIRDANCE
 17976 | Orc:1    | Killed Josephine
 17990 | Orc:2    | 17990 ||| STAIRDANCE
 17997 | Orc:2    | 17997 ||| STAIRDANCE
 17999 | Orc:1    | 17999 ||| FLEEEEING.
 18037 | Orc:2    | 18037 ||| STAIRDANCE
 18060 | Orc:2    | 18060 ||| STAIRDANCE
 18065 | Orc:2    | 18065 ||| STAIRDANCE
 18090 | Orc:2    | 18090 ||| STAIRDANCE
 18140 | Orc:2    | Found a frozen archway.
 18188 | Orc:2    | 18188 ||| RETREEEEATING.
 18189 | Orc:2    | 18189 ||| RETREEEEATING.
 18191 | Orc:2    | 18191 ||| RETREEEEATING.
 18195 | Orc:2    | 18195 ||| RETREEEEATING.
 18207 | Orc:2    | 18207 ||| FLEEEEING.
 18208 | Orc:2    | Received a gift from Okawaru
 18212 | Orc:2    | 18212 ||| FLEEEEING.
 18213 | Orc:2    | 18213 ||| FLEEEEING.
 18214 | Orc:2    | 18214 ||| FLEEEEING.
 18215 | Orc:2    | 18215 ||| FLEEEEING.
 18216 | Orc:2    | 18216 ||| FLEEEEING.
 18217 | Orc:2    | 18217 ||| FLEEEEING.
 18218 | Orc:2    | 18218 ||| FLEEEEING.
 18219 | Orc:2    | 18219 ||| FLEEEEING.
 18220 | Orc:2    | 18220 ||| FLEEEEING.
 18221 | Orc:2    | 18221 ||| FLEEEEING.
 18222 | Orc:2    | 18222 ||| FLEEEEING.
 18223 | Orc:2    | 18223 ||| FLEEEEING.
 18224 | Orc:2    | 18224 ||| FLEEEEING.
 18225 | Orc:2    | 18225 ||| FLEEEEING.
 18226 | Orc:2    | 18226 ||| FLEEEEING.
 18227 | Orc:2    | 18227 ||| FLEEEEING.
 18228 | Orc:2    | 18228 ||| STAIRDANCE
 18403 | Orc:2    | Found a flickering gateway to a bazaar.
 18412 | Bazaar   | Entered a bazaar
 18426 | Bazaar   | Found Besuofy's Armour Shoppe.
 18431 | Bazaar   | 18431 ||| BUYING +1 pair of gloves of the Flute {^Contam
                  | Harm rF+ Stlth+} (414 gold).
 18431 | Bazaar   | Bought the +1 pair of gloves of the Flute {^Contam Harm rF+
                  | Stlth+} for 414 gold pieces
 18431 | Bazaar   | 18431 ||| BUYING +3 leather armour of Card Tricks {rPois
                  | rC+ rCorr SInv} (900 gold).
 18431 | Bazaar   | Bought the +3 leather armour of Card Tricks {rPois rC+
                  | rCorr SInv} for 900 gold pieces
 18442 | Bazaar   | Found Jysafuaz's Distillery.
 18447 | Bazaar   | 18447 ||| BUYING potion of cancellation (136 gold).
 18447 | Bazaar   | Bought a potion of cancellation for 136 gold pieces
 18447 | Bazaar   | 18447 ||| BUYING potion of curing (51 gold).
 18447 | Bazaar   | Bought a potion of curing for 51 gold pieces
 18447 | Bazaar   | 18447 ||| BUYING potion of curing (51 gold).
 18447 | Bazaar   | Bought a potion of curing for 51 gold pieces
 18458 | Bazaar   | Found Hizuz's Book Emporium.
 18489 | Orc:2    | 18489 ||| PLANNING ORC
 19090 | Orc:2    | 19090 ||| FLEEEEING.
 19094 | Orc:2    | 19094 ||| FLEEEEING.
 19097 | Orc:2    | 19097 ||| FLEEEEING.
 19098 | Orc:2    | 19098 ||| FLEEEEING.
 19099 | Orc:2    | 19099 ||| FLEEEEING.
 19100 | Orc:2    | 19100 ||| FLEEEEING.
 19101 | Orc:2    | 19101 ||| FLEEEEING.
 19102 | Orc:2    | 19102 ||| FLEEEEING.
 19103 | Orc:2    | 19103 ||| FLEEEEING.
 19104 | Orc:2    | 19104 ||| STAIRDANCE
 19208 | Orc:2    | 19208 ||| STAIRDANCE
 19216 | Orc:2    | 19216 ||| STAIRDANCE
 19228 | Orc:2    | 19228 ||| STAIRDANCE
 19239 | Orc:2    | 19239 ||| STAIRDANCE
 19274 | Orc:2    | 19274 ||| STAIRDANCE
 19339 | Orc:2    | Found Xohiopn's Antique Weapon Boutique.
 19342 | Orc:2    | Found Aghiepo's Antique Armour Shop.
 19430 | Orc:2    | Reached skill level 17 in Fighting
 19557 | Orc:2    | Found Wifaul's Antique Weapon Shoppe.
 19624 | Orc:2    | Found Aweduful's Antique Weapon Boutique.
 19793 | Orc:2    | 19793 ||| PLANNING SHOALS:1-3
 20009 | Shoals:1 | Entered Level 1 of the Shoals
 20009 | Shoals:1 | Noticed Jorgrun
 20010 | Shoals:1 | 20010 ||| INVOKING Finesse.
 20011 | Shoals:1 | 20011 ||| STAIRDANCE
 20073 | Shoals:1 | 20073 ||| STAIRDANCE
 20075 | Lair:3   | 20075 ||| RETREEEEATING.
 20076 | Lair:3   | 20076 ||| RETREEEEATING.
 20077 | Lair:3   | 20077 ||| RETREEEEATING.
 20078 | Lair:3   | 20078 ||| RETREEEEATING.
 20079 | Lair:3   | 20079 ||| ZAPPING wand of quicksilver (8) at -3,4 (Jorgrun;
                  | shallow_water).
 20080 | Lair:3   | 20080 ||| ZAPPING wand of quicksilver (7) at -3,4 (Jorgrun;
                  | shallow_water).
 20081 | Lair:3   | 20081 ||| ZAPPING wand of quicksilver (6) at -2,3 (Jorgrun;
                  | shallow_water).
 20082 | Lair:3   | 20082 ||| ZAPPING wand of quicksilver (5) at -1,2 (Jorgrun;
                  | shallow_water).
 20083 | Lair:3   | 20083 ||| ZAPPING wand of quicksilver (4) at -1,2 (Jorgrun;
                  | shallow_water).
 20084 | Lair:3   | 20084 ||| INVOKING Finesse.
 20089 | Lair:3   | Killed Jorgrun
 20216 | Shoals:1 | 20216 ||| INVOKING Finesse.
 20226 | Shoals:1 | Reached XP level 17. HP: 80/118 MP: 19/24
 20229 | Shoals:1 | 20229 ||| STAIRDANCE
 20328 | Shoals:1 | 20328 ||| STAIRDANCE
 20335 | Shoals:1 | 20335 ||| STAIRDANCE
 20356 | Lair:3   | 20356 ||| FLEEEEING.
 20468 | Shoals:1 | Noticed a kraken
 20473 | Shoals:1 | Killed a kraken
 20473 | Shoals:1 | Received a gift from Okawaru
 20474 | Shoals:1 | Reached skill level 18 in Fighting
 20479 | Shoals:1 | Noticed a kraken
 20487 | Shoals:1 | 20487 ||| INVOKING Finesse.
 20488 | Shoals:1 | Killed a kraken
 20769 | Shoals:1 | Noticed a kraken
 20770 | Shoals:1 | 20770 ||| INVOKING Finesse.
 20777 | Shoals:1 | Killed a kraken
 20787 | Shoals:1 | Noticed a kraken
 20793 | Shoals:1 | Killed a kraken
 20824 | Shoals:1 | Received a gift from Okawaru
 20828 | Shoals:1 | Reached skill level 12 in Armour
 20876 | Shoals:1 | 20876 ||| UPGRADING to amulet of faith.
 21005 | Shoals:1 | Found Fuzam's Antique Weapon Shoppe.
 21243 | Shoals:2 | 21243 ||| STAIRDANCE
 21251 | Shoals:1 | 21251 ||| FLEEEEING.
 21285 | Shoals:2 | 21285 ||| INVOKING Finesse.
 21286 | Shoals:2 | 21286 ||| STAIRDANCE
 21356 | Shoals:2 | 21356 ||| STAIRDANCE
 21417 | Shoals:2 | 21417 ||| STAIRDANCE
 21419 | Shoals:1 | 21419 ||| RETREEEEATING.
 21420 | Shoals:1 | 21420 ||| RETREEEEATING.
 21450 | Shoals:2 | 21450 ||| STAIRDANCE
 21452 | Shoals:1 | 21452 ||| FLEEEEING.
 21587 | Shoals:2 | 21587 ||| FLEEEEING.
 21785 | Shoals:2 | Reached skill level 19 in Fighting
 21785 | Shoals:2 | 21785 ||| FLEEEEING.
 22004 | Shoals:2 | Received a gift from Okawaru
 22007 | Shoals:2 | 22007 ||| RETREEEEATING.
 22020 | Shoals:2 | 22020 ||| FLEEEEING.
 22028 | Shoals:2 | 22028 ||| FLEEEEING.
 22029 | Shoals:2 | 22029 ||| STAIRDANCE
 22040 | Shoals:2 | 22040 ||| STAIRDANCE
 22512 | Shoals:3 | Identified the serpent talisman of the Iron City of Dis
                  | {rF+ Will+ Dex+2}
 22512 | Shoals:3 | Noticed Aizul
 22518 | Shoals:3 | Killed Aizul
 22570 | Shoals:3 | Found a transporter.
 22637 | Shoals:3 | 22637 ||| FLEEEEING.
 22638 | Shoals:3 | 22638 ||| FLEEEEING.
 22639 | Shoals:3 | 22639 ||| FLEEEEING.
 22640 | Shoals:3 | 22640 ||| FLEEEEING.
 22641 | Shoals:3 | 22641 ||| FLEEEEING.
 22642 | Shoals:3 | 22642 ||| FLEEEEING.
 22643 | Shoals:3 | 22643 ||| FLEEEEING.
 22644 | Shoals:3 | 22644 ||| FLEEEEING.
 22645 | Shoals:3 | 22645 ||| FLEEEEING.
 22646 | Shoals:3 | 22646 ||| FLEEEEING.
 22647 | Shoals:3 | 22647 ||| FLEEEEING.
 22648 | Shoals:3 | 22648 ||| FLEEEEING.
 22649 | Shoals:3 | 22649 ||| FLEEEEING.
 22650 | Shoals:3 | 22650 ||| FLEEEEING.
 22651 | Shoals:3 | 22651 ||| FLEEEEING.
 22652 | Shoals:3 | 22652 ||| FLEEEEING.
 22653 | Shoals:3 | 22653 ||| FLEEEEING.
 22700 | Shoals:3 | Found a transporter.
 22701 | Shoals:3 | Found a transporter.
 22709 | Shoals:3 | Found a transporter.
 22730 | Shoals:3 | Received a gift from Okawaru
 22929 | Shoals:3 | 22929 ||| RETREEEEATING.
 22933 | Shoals:3 | 22933 ||| FLEEEEING.
 22934 | Shoals:3 | 22934 ||| FLEEEEING.
 22935 | Shoals:3 | 22935 ||| FLEEEEING.
 22936 | Shoals:3 | 22936 ||| FLEEEEING.
 23100 | Shoals:3 | Found a transporter.
 23114 | Shoals:3 | Found a transporter.
 23197 | Shoals:3 | Reached XP level 18. HP: 128/128 MP: 25/25
 23296 | Shoals:3 | 23296 ||| PLANNING SNAKE:1-3
 23296 | Shoals:3 | 23296 ||| DROPPING wand of mindburst (13).
 23382 | Snake:1  | Entered Level 1 of the Snake Pit
 23707 | Snake:1  | Found Vino's Weapon Emporium.
 23727 | Snake:1  | Noticed Rupert
 23728 | Snake:1  | 23728 ||| INVOKING Finesse.
 23734 | Snake:1  | Killed Rupert
 23900 | Snake:1  | 23900 ||| FLEEEEING.
 23922 | Snake:1  | 23922 ||| FLEEEEING.
 24500 | Snake:2  | 24500 ||| INVOKING Finesse.
 24504 | Snake:2  | Received a gift from Okawaru
 24516 | Snake:2  | Noticed Frances
 24525 | Snake:2  | Killed Frances
 24526 | Snake:2  | Reached skill level 20 in Fighting
 24540 | Snake:2  | 24540 ||| INVOKING Finesse.
 24734 | Snake:2  | 24734 ||| RETREEEEATING.
 24843 | Snake:2  | 24843 ||| INVOKING Finesse.
 24844 | Snake:2  | Received a gift from Okawaru
 24995 | Snake:2  | Noticed Asterion
 24996 | Snake:2  | 24996 ||| INVOKING Finesse.
 25002 | Snake:2  | Killed Asterion
 25186 | Snake:3  | 25186 ||| RETREEEEATING.
 25190 | Snake:3  | Reached skill level 21 in Fighting
 25192 | Snake:3  | 25192 ||| RETREEEEATING.
 25198 | Snake:3  | 25198 ||| RETREEEEATING.
 25201 | Snake:3  | 25201 ||| RETREEEEATING.
 25202 | Snake:3  | 25202 ||| RETREEEEATING.
 25203 | Snake:3  | 25203 ||| RETREEEEATING.
 25204 | Snake:3  | 25204 ||| RETREEEEATING.
 25205 | Snake:3  | 25205 ||| RETREEEEATING.
 25206 | Snake:3  | 25206 ||| RETREEEEATING.
 25207 | Snake:3  | 25207 ||| INVOKING Finesse.
 25315 | Snake:3  | 25315 ||| INVOKING Finesse.
 25323 | Snake:3  | 25323 ||| FLEEEEING.
 25344 | Snake:3  | 25344 ||| FLEEEEING.
 25607 | Snake:3  | 25607 ||| RETREEEEATING.
 25609 | Snake:3  | 25609 ||| RETREEEEATING.
 25611 | Snake:3  | 25611 ||| RETREEEEATING.
 25670 | Snake:3  | Received a gift from Okawaru
 25672 | Snake:3  | 25672 ||| RETREEEEATING.
 25673 | Snake:3  | 25673 ||| RETREEEEATING.
 25674 | Snake:3  | 25674 ||| RETREEEEATING.
 25675 | Snake:3  | 25675 ||| RETREEEEATING.
 25676 | Snake:3  | 25676 ||| RETREEEEATING.
 25677 | Snake:3  | 25677 ||| RETREEEEATING.
 25678 | Snake:3  | 25678 ||| RETREEEEATING.
 25679 | Snake:3  | 25679 ||| RETREEEEATING.
 25680 | Snake:3  | 25680 ||| RETREEEEATING.
 25681 | Snake:3  | 25681 ||| RETREEEEATING.
 25682 | Snake:3  | 25682 ||| RETREEEEATING.
 25683 | Snake:3  | 25683 ||| RETREEEEATING.
 25684 | Snake:3  | 25684 ||| RETREEEEATING.
 25685 | Snake:3  | 25685 ||| RETREEEEATING.
 25686 | Snake:3  | 25686 ||| RETREEEEATING.
 25687 | Snake:3  | 25687 ||| RETREEEEATING.
 25688 | Snake:3  | 25688 ||| RETREEEEATING.
 26134 | Snake:3  | 26134 ||| FLEEEEING.
 26135 | Snake:3  | 26135 ||| FLEEEEING.
 26136 | Snake:3  | 26136 ||| STAIRDANCE
 26186 | Snake:2  | 26186 ||| READING 13 scrolls of identify.
 26186 | Snake:2  | 26186 ||| IDENTIFYING scroll labelled NYCVIACEIPS
 26187 | Snake:2  | 26187 ||| DROPPING scroll of fog.
 26197 | Snake:3  | 26197 ||| STAIRDANCE
 26546 | Snake:3  | 26546 ||| PLANNING SHOALS:4
 26728 | Shoals:4 | Entered Level 4 of the Shoals
 26728 | Shoals:4 | Found a stormy altar of Qazlal.
 26844 | Shoals:4 | Reached skill level 12 in Dodging
 26854 | Shoals:4 | 26854 ||| FLEEEEING.
 26855 | Shoals:4 | 26855 ||| FLEEEEING.
 26856 | Shoals:4 | 26856 ||| FLEEEEING.
 26857 | Shoals:4 | 26857 ||| FLEEEEING.
 26858 | Shoals:4 | 26858 ||| FLEEEEING.
 26859 | Shoals:4 | 26859 ||| FLEEEEING.
 26862 | Shoals:4 | 26862 ||| STAIRDANCE
 26868 | Shoals:3 | 26868 ||| STAIRDANCE
 27013 | Shoals:4 | Reached XP level 19. HP: 137/137 MP: 26/26
 27014 | Shoals:4 | Paralysed by an air elemental for 1 turns
 27024 | Shoals:4 | 27024 ||| FLEEEEING.
 27035 | Shoals:4 | Received a gift from Okawaru
 27056 | Shoals:4 | 27056 ||| FLEEEEING.
 27057 | Shoals:4 | 27057 ||| FLEEEEING.
 27058 | Shoals:4 | 27058 ||| FLEEEEING.
 27059 | Shoals:4 | 27059 ||| FLEEEEING.
 27060 | Shoals:4 | 27060 ||| FLEEEEING.
 27126 | Shoals:4 | 27126 ||| ZAPPING wand of quicksilver (9) at 5,6 (storm
                  | dragon; floor).
 27127 | Shoals:4 | 27127 ||| ZAPPING wand of quicksilver (8) at 5,6 (storm
                  | dragon; floor).
 27129 | Shoals:4 | 27129 ||| INVOKING Finesse.
 27240 | Shoals:4 | Got a barnacled rune of Zot
 27295 | Shoals:4 | 27295 ||| RETREEEEATING.
 27298 | Shoals:4 | 27298 ||| RETREEEEATING.
 27299 | Shoals:4 | 27299 ||| RETREEEEATING.
 27300 | Shoals:4 | 27300 ||| RETREEEEATING.
 27304 | Shoals:4 | 27304 ||| RETREEEEATING.
 27305 | Shoals:4 | 27305 ||| RETREEEEATING.
 27306 | Shoals:4 | 27306 ||| RETREEEEATING.
 27307 | Shoals:4 | 27307 ||| RETREEEEATING.
 27308 | Shoals:4 | 27308 ||| RETREEEEATING.
 27309 | Shoals:4 | 27309 ||| RETREEEEATING.
 27311 | Shoals:4 | 27311 ||| RETREEEEATING.
 27497 | Shoals:4 | 27497 ||| FLEEEEING.
 27498 | Shoals:4 | 27498 ||| STAIRDANCE
 27529 | Shoals:3 | 27529 ||| DROPPING +3 ring mail of poison resistance.
 27547 | Shoals:4 | Identified the +7 spear of Kyegiy {freeze, Int+2}
 27558 | Shoals:4 | 27558 ||| FLEEEEING.
 27559 | Shoals:4 | 27559 ||| FLEEEEING.
 27562 | Shoals:4 | 27562 ||| STAIRDANCE
 27688 | Shoals:4 | 27688 ||| FLEEEEING.
 27689 | Shoals:4 | 27689 ||| FLEEEEING.
 27690 | Shoals:4 | 27690 ||| FLEEEEING.
 27695 | Shoals:4 | 27695 ||| STAIRDANCE
 27801 | Shoals:4 | Reached skill level 22 in Fighting
 27806 | Shoals:4 | Found a burning altar of Makhleb.
 27834 | Shoals:4 | 27834 ||| FLEEEEING.
 27835 | Shoals:4 | 27835 ||| FLEEEEING.
 27849 | Shoals:4 | 27849 ||| FLEEEEING.
 27850 | Shoals:4 | 27850 ||| FLEEEEING.
 27851 | Shoals:4 | 27851 ||| FLEEEEING.
 27952 | Shoals:4 | 27952 ||| PLANNING VAULTS:1-4
 28251 | Vaults:1 | Entered Level 1 of the Vaults
 28257 | Vaults:1 | 28257 ||| INVOKING Finesse.
 28260 | Vaults:1 | Received a gift from Okawaru
 28325 | Vaults:1 | 28325 ||| RETREEEEATING.
 28326 | Vaults:1 | 28326 ||| RETREEEEATING.
 28327 | Vaults:1 | 28327 ||| RETREEEEATING.
 28375 | Vaults:1 | 28375 ||| INVOKING Finesse.
 28382 | Vaults:1 | Reached skill level 15 in Armour
 28416 | Vaults:1 | 28416 ||| RETREEEEATING.
 28417 | Vaults:1 | 28417 ||| RETREEEEATING.
 28418 | Vaults:1 | 28418 ||| RETREEEEATING.
 28419 | Vaults:1 | 28419 ||| RETREEEEATING.
 28420 | Vaults:1 | 28420 ||| RETREEEEATING.
 28421 | Vaults:1 | 28421 ||| INVOKING Finesse.
 28432 | Vaults:1 | Received a gift from Okawaru
 28550 | Vaults:1 | Noticed Saint Roka
 28551 | Vaults:1 | 28551 ||| RETREEEEATING.
 28552 | Vaults:1 | 28552 ||| INVOKING Finesse.
 28556 | Vaults:1 | 28556 ||| RETREEEEATING.
 28557 | Vaults:1 | 28557 ||| RETREEEEATING.
 28558 | Vaults:1 | 28558 ||| RETREEEEATING.
 28561 | Vaults:1 | HP: 31/140 [Saint Roka/divine providence (12)]
 28562 | Vaults:1 | 28562 ||| READING 8 scrolls of teleportation.
 28563 | Vaults:1 | 28563 ||| DRINKING potion of heal wounds.
 28582 | Vaults:1 | 28582 ||| FLEEEEING.
 28840 | Vaults:1 | Noticed Zenata
 28841 | Vaults:1 | 28841 ||| INVOKING Finesse.
 28847 | Vaults:1 | 28847 ||| RETREEEEATING.
 28848 | Vaults:1 | 28848 ||| RETREEEEATING.
 28849 | Vaults:1 | 28849 ||| RETREEEEATING.
 28850 | Vaults:1 | 28850 ||| RETREEEEATING.
 28851 | Vaults:1 | 28851 ||| RETREEEEATING.
 28852 | Vaults:1 | 28852 ||| RETREEEEATING.
 28853 | Vaults:1 | 28853 ||| RETREEEEATING.
 28854 | Vaults:1 | 28854 ||| RETREEEEATING.
 28854 | Vaults:1 | HP: 30/140 [+1 vampiric long sword[Zenata] (14)]
 28855 | Vaults:1 | 28855 ||| READING 7 scrolls of teleportation.
 28855 | Vaults:1 | HP: 8/140 [+6 mace of venom[Zenata] (9)]
 28856 | Vaults:1 | 28856 ||| RETREEEEATING.
 28857 | Vaults:1 | 28857 ||| RETREEEEATING.
 28857 | Vaults:1 | HP: 1/140 [+6 mace of venom[Zenata] (8)]
 28857 | Vaults:1 | Slain by a +6 mace of venom

Levels and vault maps discovered:
D:1:      spicycebolla_arrival_ecumenical, layout_loops_corners
D:2:      layout_loops_cross, uniq_crazy_yiuf_cottage
D:3:      layout_loops_ring, mainiacjoe_overflow_tiny_flanked,
          pdpol_wu_jian_five_deadly_venoms
D:4:      layout_loops_ring, marbit_many_paths, nicolae_sif_muna_little_library
D:5:      layout_basic, amcnicky_altar_gilded, gammafunk_ghost_nasty_kobolds,
          minmay_tree_intersection
D:6:      layout_basic, ashenzari_conservatory_becter, minivault_1,
          chequers_serial_rivers_small_3, minmay_misc_feat_diagonals,
          nicolae_wooded_promenade, nicolae_letterblocks
          [nicolae_letter_subblock, nicolae_letter_subblock,
          nicolae_letter_subblock, nicolae_letter_subblock,
          nicolae_letter_subblock, nicolae_letter_subblock,
          nicolae_letter_subblock, nicolae_letter_subblock,
          nicolae_letter_subblock, nicolae_letter_subblock,
          nicolae_letter_subblock, nicolae_letter_subblock,
          nicolae_letter_subblock, nicolae_letter_subblock,
          nicolae_letter_subblock, nicolae_letter_subblock,
          nicolae_letter_subblock, nicolae_letter_subblock,
          nicolae_letter_subblock, nicolae_letter_subblock,
          nicolae_letter_subblock, nicolae_letter_subblock,
          nicolae_letter_subblock, nicolae_letter_subblock,
          nicolae_letter_subblock], uniq_pikel, uniq_duvessa
D:7:      layout_cave_pools, mainiacjoe_overflow_alcove_1, temple_doors_e,
          enter_bailey_4, small_statue_intersection, serial_park_tiny_pond
D:8:      layout_basic, lemuel_crystal_altar, minmay_diamond_spiral
D:9:      cheibrodos_wizards_tower, layout_rooms, tso_oasis_becter,
          nicolae_gozag_cash_rules_everything_around_me,
          grunt_lair_entry_orc_guard_hut, serial_shops,
          nicolae_shop_hallway_plus, kennysheep_crisscross,
          palyth_stone_intersect, hangedman_abyss_or_decor_clamps
D:10:     layout_rooms, serial_shops, shop_statue
D:11:     layout_rooms, monkooky_shop_alliterative
D:12:     layout_roguey, orc_0_dummy, kennysheep_pointless_box
D:13:     layout_long_grid, erik_vaults_2, minmay_misc_feat_doors
D:14:     layout_rooms, doesnt_xom_only_xom
D:15:     gammafunk_depths_entry_grave, layout_basic, hangedman_decor_lopped,
          minmay_misc_feat_nine_boxes, ice2_lemuel, uniq_agnes
Temple:   nicolae_temple_slightly_damp_pantheon
Lair:1:   layout_cave_pods, infiniplex_staircase_pool_2
Lair:2:   layout_roguey, infiniplex_staircase_pool, uniq_amaemon
Lair:3:   layout_cellular_growth, minmay_shoals_entry_lonely_mermaid,
          nicolae_snake_entry_squirm, grunt_megastairs_2, serial_bayou_shore_b
Lair:4:   layout_big_grid, gauntlet_entry_generic, grunt_forest_large_clearings,
          wad_woods_river_01, uniq_urug
Lair:5:   cheibrodos_lair_end_hotspot, layout_regular_city,
          nicolae_slime_entry_slimehenge, gammafunk_ghost_ooze, st_stairs_9
Shoals:1: nicolae_shoals_lighthouse, layout_shoals, serial_shops, shop,
          nicolae_splish_splash, uniq_jorgrun
Shoals:2: layout_shoals
Shoals:3: layout_shoals, serial_nicolae_subway, nicolae_sub_station_crystal,
          nicolae_sub_station_stone, nicolae_sub_station_metal, uniq_aizul
Shoals:4: shoals_end_hellmonk_storm_palace [storm_palace_center_ruins,
          storm_palace_corner_altar, storm_palace_corner_narrow,
          storm_palace_corner_pillars, storm_palace_corner_altar]
Snake:1:  layout_cave_pods, serial_shops, shop, nrook_guardian_serpent_double,
          nicolae_triple_integral, uniq_rupert
Snake:2:  layout_basic, uniq_frances, uniq_asterion
Snake:3:  layout_layer_cave
Orc:1:    layout_caves, hellmonk_ghost_happy_afterlife, nicolae_orc_bridge_out
Orc:2:    grunt_orc_community_town_hall, layout_caves,
          grunt_orc_community_big_house_2, grunt_orc_community_big_house_1,
          grunt_orc_community_house_3, grunt_orc_community_house_3,
          grunt_orc_community_house_3, grunt_orc_community_house_1,
          portal_ice_cave_entry_pillars_1, serial_shops, bzr_entry_dummy,
          basic_altar, uniq_josephine
Vaults:1: ebering_ghost_rock_garden, nicolae_vaults_network_star,
          ontoclasm_vaults_twist, nicolae_vaults_asterisk,
          nicolae_vaults_little_squares_6, nicolae_vaults_hallways_thing,
          v_misc_22, nicolae_vaults_windows_and_doors_thing,
          hangedman_vaults_corner, hangedman_vaults_nails,
          nicolae_vaults_closet_pinwheel_4, grunt_vaults_swirl,
          vaults_room_pools, layout_vaults_ring, serial_shops,
          nicolae_shop_statue_plus, uniq_zenata, uniq_saint_roka, uniq_nikola

Skill      XL: |  1  2  3  4  5  6  7  8  9 10 11 12 13 14 15 16 17 18 19 |
---------------+----------------------------------------------------------+-----
Ranged Weapons | 5 6 7 8 9 11 13 14 15 17 18 | 18.0
Fighting       | 3 4 5 6 7 8 10 11 15 17 19 21 22 | 22.4
Armour         | 1 5 6 9 11 12 14 15 | 15.0
Dodging        | 2 3 4 5 6 7 9 11 12 | 12.0
Invocations    | 1 4 7 10 | 10.0
Stealth        | |  1.1

Action                     |  1- 3 |  4- 6 |  7- 9 | 10-12 | 13-15 | 16-18 | 19-21 || total
---------------------------+-------+-------+-------+-------+-------+-------+-------++-------
   Fire: Shortbow          |   131 |    82 |       |       |       |       |       ||   213
         Arbalest          |       |    25 |   104 |   210 |   375 |   936 |   238 ||  1888
 Invoke: Heroism           |       |       |     1 |     5 |       |       |       ||     6
         Finesse           |       |       |       |     4 |     2 |    14 |     6 ||    26
         Receive Weapon    |       |       |       |       |     1 |       |       ||     1
         Receive Armour    |       |       |       |       |     1 |       |       ||     1
  Evoke: Wand              |       |       |       |       |       |     6 |     2 ||     8
    Use: Scroll            |     3 |     6 |     7 |     5 |     8 |     6 |     2 ||    37
         Potion            |       |       |     1 |     1 |     1 |       |     1 ||     4
 Armour: Leather armour    |    41 |    22 |       |       |       |       |       ||    63
         Ring mail         |       |     5 |    71 |    15 |   164 |   388 |   104 ||   747
         Robe              |       |       |       |    63 |    31 |       |       ||    94
  Dodge: Dodged            |    36 |    21 |    37 |    60 |   163 |   359 |    71 ||   747

Table legend:
 A = Non-vault XP
 B = Vault XP
 C = Vault XP percentage of total XP
 D = Non-vault monster count
 E = Vault monster count
 F = Vault count percentage of total count
                 A         B        C        D         E       F
            +---------+---------+-------+---------+---------+-------
      Total |  217756 |  107632 |  33.1 |     751 |     302 |  28.7
            +---------+---------+-------+---------+---------+-------
        D:1 |      54 |       0 |   0.0 |      30 |       0 |   0.0
        D:2 |      42 |       0 |   0.0 |      20 |       0 |   0.0
        D:3 |      92 |       0 |   0.0 |      22 |       0 |   0.0
        D:4 |     252 |      43 |  14.6 |       8 |       1 |  11.1
        D:5 |     334 |       0 |   0.0 |      10 |       0 |   0.0
        D:6 |     582 |     882 |  60.2 |      14 |       3 |  17.6
        D:7 |    1360 |      12 |   0.9 |      46 |       5 |   9.8
        D:8 |     771 |    2621 |  77.3 |       8 |       4 |  33.3
        D:9 |    2243 |    1591 |  41.5 |      22 |       7 |  24.1
       D:10 |    2454 |       0 |   0.0 |      11 |       0 |   0.0
       D:11 |    3521 |       0 |   0.0 |      26 |       0 |   0.0
       D:12 |    6724 |    3508 |  34.3 |      21 |       4 |  16.0
       D:13 |    5803 |    2592 |  30.9 |      13 |       3 |  18.8
       D:14 |    8314 |       0 |   0.0 |      15 |       0 |   0.0
       D:15 |    9088 |    8167 |  47.3 |      15 |      19 |  55.9
     Lair:1 |    8806 |       0 |   0.0 |      34 |       0 |   0.0
     Lair:2 |    7689 |    1166 |  13.2 |      34 |       2 |   5.6
     Lair:3 |   13004 |    6366 |  32.9 |      33 |      14 |  29.8
     Lair:4 |    7201 |    3490 |  32.6 |      37 |       9 |  19.6
     Lair:5 |    5021 |    7926 |  61.2 |      10 |      36 |  78.3
   Shoals:1 |   15573 |   21186 |  57.6 |      32 |      36 |  52.9
   Shoals:2 |   12347 |       0 |   0.0 |      24 |       0 |   0.0
   Shoals:3 |   14052 |    1383 |   9.0 |      28 |       1 |   3.4
   Shoals:4 |   12121 |   20023 |  62.3 |      28 |      48 |  63.2
    Snake:1 |   12865 |    3462 |  21.2 |      25 |       4 |  13.8
    Snake:2 |   19316 |    3433 |  15.1 |      31 |       2 |   6.1
    Snake:3 |   24910 |       0 |   0.0 |      51 |       0 |   0.0
      Orc:1 |    3825 |    2990 |  43.9 |      43 |      23 |  34.8
      Orc:2 |    3260 |    3953 |  54.8 |      30 |      51 |  63.0
   Vaults:1 |   15898 |    9682 |  37.8 |      29 |      17 |  37.0
   Gauntlet |     234 |    3156 |  93.1 |       1 |      13 |  92.9
            +---------+---------+-------+---------+---------+-------
